 Dungeon Crawl Stone Soup version 0.29-a0-365-gd383c6f (webtiles) character file.

Game seed: 9765423032081621337

36 lyrin the Sneak (level 3, 0/29 HPs)
             Began as a Merfolk Delver on Apr 30, 2022.
             Slain by a scorpion (1 damage)
             ... on level 5 of the Dungeon.
             The game lasted 00:00:32 (66 turns).

lyrin the Sneak (Merfolk Delver)                      Turns: 66, Time: 00:00:33

Health: 0/29       AC:  3    Str: 14    XL:     3   Next: 37%
Magic:  3/3        EV: 12    Int:  9    God:
Gold:   0          SH:  0    Dex: 15    Spells: 2/2 levels left

rFire   . . .      SeeInvis .   a - +0 spear
rCold   . . .      Faith    .   (no shield)
rNeg    . . .      Spirit   .   b - +0 leather armour
rPois   .          Reflect  .   (no helmet)
rElec   .          Harm     .   (no cloak)
rCorr   .          Rampage  .   (no gloves)
Will    .....                   (no boots)
Stlth   +++.......              (no amulet)
HPRegen 0.09/turn               (no ring)
MPRegen 0.08/turn               (no ring)

@: no status effects
A: (nimble swimmer 2), mertail
a: no special abilities


You were on level 5 of the Dungeon.
You visited 1 branch of the dungeon, and saw 1 of its levels.

Inventory:

Hand Weapons
 a - a +0 spear (weapon)
Missiles
 h - 4 poisoned darts (quivered)
Armour
 b - a +0 leather armour (worn)
Wands
 g - a wand of digging (3)
Scrolls
 c - a scroll of fog
 d - a scroll of magic mapping
Potions
 f - a potion of haste


   Skills:
 + Level 3.5 Fighting
 + Level 2.9 Polearms
 + Level 0.1 Armour
 + Level 2.9 Dodging
 + Level 6.3 Stealth


You had 2 spell levels left.
You didn't know any spells.
Your spell library was empty.

Dungeon Overview and Level Annotations

Branches:
Dungeon (5/15)
 Temple: D:4-7

Altars:


Innate Abilities, Weirdness & Mutations

((You are very nimble when in or above water. (Stealth+, EV+, Speed+++)))
Your lower body shifts to a powerful aquatic tail in water.


Message History

You kill the orc!
A gnoll comes into view. It is wielding a +0 spear.
Found a pair of boots.
A gnoll comes into view. It is wielding a +0 club.
An iguana comes into view.
Things that are here:
a +0 short sword; an orc corpse
Found a scroll labelled ORYM VOLUOCINA.
A gnoll comes into view. It is wielding a +0 whip.
Okay, then.
A gnoll comes into view. It is wielding a +0 whip.
The gnoll attacks as you move away! The gnoll hits you with a +0 club.
* * * LOW HITPOINT WARNING * * *
As you read the scroll of fear, it crumbles to dust.
You assume a fearsome visage.
The gnoll looks frightened! x4
The iguana looks frightened!
Found a book of Necromancy.
Found a black potion.
Found 3 poisoned darts.
An ogre comes into view. It is wielding a +0 giant club.
Found 18 gold pieces.
The ogre shouts!
Things that are here:
a book of Necromancy; a scroll labelled LAEREA JASUA
There are no items here.
You see here 18 gold pieces.
A scorpion comes into view.
The gnoll barely misses you.
Okay, then.
The gnoll misses you. The gnoll attacks as you move away! The gnoll misses you.
A quokka comes into view.
The gnoll attacks as you move away! The gnoll hits you with a +0 whip!
* * * LOW HITPOINT WARNING * * *
The gnoll attacks as you move away! The gnoll hits you with a +0 whip.
* * * LOW HITPOINT WARNING * * *
Unknown command.
The gnoll attacks as you move away! The gnoll misses you.
The scorpion stings you.
You die...

####.......#
...........##.........
###.......# #........
# ##......# #.......
## #....:.# #...... .#
#####.## #...... .###
#..###....# ...##
##.##...s.# ##..###
#$##.#..@# ##...#
#....#g.##
###.#######....# #
#...###....#.# .#.#
#............# .#.#
#?.......#.#.##...#
#......r.........#
#..[.....#†#.....#
######....).$...#


You could see a scorpion, a gnoll and a quokka (wandering).

Vanquished Creatures
  A howler monkey (D:5)
  An orc (D:5)
2 creatures vanquished.

Notes
Turn   | Place    | Note
-------+----------+-------------------------------------------
     0 | D:5      | lyrin the Merfolk Delver began the quest for the Orb.
     0 | D:5      | Reached XP level 1. HP: 18/18 MP: 1/1
     5 | D:5      | Noticed a howler monkey
    19 | D:5      | Killed a howler monkey
    20 | D:5      | Reached skill level 6 in Stealth
    20 | D:5      | Reached XP level 2. HP: 10/24 MP: 2/2
    20 | D:5      | Reached XP level 3. HP: 13/29 MP: 3/3
    50 | D:5      | Noticed an ogre
    60 | D:5      | Noticed a scorpion
    65 | D:5      | HP: 1/29 [gnoll/+0 whip (1)]
    66 | D:5      | Slain by a scorpion

Illustrated notes

Levels and vault maps discovered:
D:5:      layout_rooms, gammafunk_ghost_split, glass_columns_a

Skill      XL: |  1 |
---------------+----+-----
Stealth        | 6 |  6.3
Fighting       | |  3.5
Polearms       | |  2.9
Armour         | |  0.1
Dodging        | |  2.9

Action                   || total
-------------------------++-------
Melee: Spear             ||    14
  Use: Scroll            ||     1
Armor: Leather armour    ||     3
Dodge: Dodged            ||    14

Table legend: (Time is in decaauts)
 A = Elapsed time spent in this place.
 B = Non-inter-level travel time spent in this place.
 C = Inter-level travel time spent in this place.
 D = Time resting spent in this place.
 E = Time spent auto-exploring this place.
 F = Levels seen in this place.
 G = Mean time per level.
                   A        B        C        D        E       F      G
               +--------+--------+--------+--------+--------+-----+--------+
         Total |     65 |     65 |      0 |      0 |      0 |   1 |   65.0 |
       Dungeon |     65 |     65 |      0 |      0 |      0 |   1 |   65.0 |
               +--------+--------+--------+--------+--------+-----+--------+

Top non-repeatable levels by time:
     D:5: 65 daAuts
